 Dungeon Crawl Stone Soup version 0.20.1-1-g8b1a95d (webtiles) character file.

712 dohliylev the Covert (level 7, -12/51 HPs)
             Began as a Vampire Assassin on Aug 15, 2017.
             Was a Follower of Kikubaaqudgha.
             Mangled by an ogre
             ... wielding a +0 giant club
              (28 damage)
             ... on level 5 of the Dungeon.
             The game lasted 00:16:50 (3984 turns).

dohliylev the Covert (Vampire Assassin)             Turns: 3984, Time: 00:16:51

Health: -12/51     AC:  5    Str: 10    XL:     7   Next: 41%
Magic:  17/17      EV: 14    Int: 13    God:    Kikubaaqudgha [*.....]
Gold:   243        SH:  0    Dex: 18    Spells: 2/7 levels left

rFire    . . .     SeeInvis +   a - +2 dagger
rCold    . . .     Gourm    .   (no shield)
rNeg     . . .     Faith    .   c - +0 robe
rPois    .         Spirit   .   (no helmet)
rElec    .         Reflect  .   d - +0 cloak
rCorr    .         Harm     .   i - +1 pair of gloves
MR       .....                  (no boots)
Stlth    +++++.....             q - amulet of rage
Regen    0.4/turn               t - ring of magical power
MPRegen  0.2/turn               (no ring)

@: regenerating quickly
A: fangs 3, see invisible, unbreathing
a: Receive Corpses, Renounce Religion, Evoke Berserk Rage


You were on level 5 of the Dungeon.
You worshipped Kikubaaqudgha.
Kikubaaqudgha was aware of your devotion.
You were very full.

You visited 1 branch of the dungeon, and saw 5 of its levels.

You collected 243 gold pieces.

Inventory:

Hand Weapons
 a - a +2 dagger (weapon)
 b - a +0 blowgun
 w - a +3 blowgun
Missiles
 e - 38 poisoned needles
 f - a curare-tipped needle
Armour
 c - a +0 robe (worn)
 d - a +0 cloak (worn)
 i - a +1 pair of gloves (worn)
Jewellery
 q - an amulet of rage (around neck)
 t - a ring of magical power (left hand)
Scrolls
 h - a scroll of immolation {unknown}
 j - 7 scrolls of remove curse {unknown}
 k - a scroll of enchant weapon {unknown}
 l - 2 scrolls of magic mapping {unknown}
 m - a scroll of blinking {unknown}
 y - a scroll of amnesia {unknown}
 A - 3 scrolls of identify {unknown}
 B - a scroll of enchant armour {unknown}
 C - a scroll of fear {unknown}
Potions
 g - a potion of ambrosia {unknown}
 n - a potion of haste {unknown}
 o - a potion of cancellation {unknown}
 p - 12 potions of blood
 r - 4 potions of resistance {unknown}
 s - a potion of mutation {unknown}
 u - 2 potions of flight {unknown}
 v - a potion of might {unknown}
 x - 3 potions of curing {unknown}
 z - a potion of heal wounds
Books
 D - Kikubaaqudgha's Tome of Dark Magic
   (Kikubaaqudgha gifted it to you on level 4 of the Dungeon)

   Spells                             Type                      Level
   a - Pain                           Necromancy                   1
   b - Corpse Rot                     Necromancy                   2
   c - Sublimation of Blood           Necromancy                   2
   d - Regeneration                   Charms/Necromancy            3
   e - Control Undead                 Necromancy                   4
 E - a book of Geomancy

   Spells                             Type                      Level
   a - Sandblast                      Earth                        1
   b - Passwall                       Transmutation/Earth          2
   c - Stone Arrow                    Conjuration/Earth            3
   d - Petrify                        Transmutation/Earth          4
   e - Lee's Rapid Deconstruction     Earth                        5


   Skills:
 + Level 2.4 Fighting
 + Level 4.5 Short Blades
 + Level 2.0 Throwing
 + Level 3.7 Dodging
 * Level 10.3 Stealth
 + Level 0.6 Spellcasting
 + Level 0.2 Charms
 + Level 0.7 Necromancy
 + Level 0.8 Evocations


You had 2 spell levels left.
You knew the following spells:

 Your Spells              Type           Power        Failure   Level  Hunger
a - Corpse Rot            Necr           N/A          32%         2    ###....
b - Regeneration          Chrm/Necr      #.........   58%         3    ####...


Dungeon Overview and Level Annotations

Branches:
Dungeon (5/15)             Temple (0/1) D:5

Altars:
Elyvilon
Gozag
Kikubaaqudgha
Makhleb
Ru
Xom
Yredelemnul
The Shining One

Shops:
D:4 %

Annotations:
D:5 Xelenos's ghost, novice GrFi


Innate Abilities, Weirdness & Mutations

Your natural rate of healing is unusually fast.
You have razor-sharp teeth.
You have supernaturally acute eyesight. (SInv)
You can survive without breathing.


Message History

You miss the hound.
The hound is severely wounded.
The hound bites you.
You hit the hound.
You kill the hound!
Kikubaaqudgha accepts your kill. The ogre closely misses you.
An adder zombie comes into view.
The helpless adder zombie fails to defend itself.
You stick the adder zombie like a pincushion!!!
You destroy the adder zombie!
Kikubaaqudgha accepts your kill. The ogre hits you with a giant club!!
* * * LOW HITPOINT WARNING * * *
Found a stone staircase leading up.
There is a stone staircase leading up here.
The ogre hits you with a giant club!!
Ouch! That really hurt!
You die...
Kikubaaqudgha rasps: "You have failed me!
Welcome... oblivion!"

.#
#.############
.# #.# .# #.#
.# #.# .# #.#
## #.# #.#
#.############
#.#........O@#
#.#.##########
#.#.# #.#.#
#.#.# #.#.#
#####.#.#
......#.#
#######.#


You could see an ogre.

Vanquished Creatures
  3 scorpions
  2 crimson imps (D:5)
  5 hounds
  2 orc priests
  Crazy Yiuf (D:2)
  A worker ant (D:4)
  An orc wizard (D:3)
  7 adders
  3 gnolls
  An ooze (D:1)
  An adder zombie (D:5)
  4 worms
  The ghost of dscm the Digger, a weakling OpEE (D:3)
  2 leopard geckos
  18 orcs
  A ball python (D:2)
  4 giant cockroaches
  7 goblins
  4 hobgoblins
  6 jackals (D:3)
  5 kobolds
  5 quokkas
  6 bats
  5 frilled lizards
  A leopard gecko skeleton (D:4)
  5 rats
101 creatures vanquished.

Notes
Turn   | Place    | Note
-------+----------+-------------------------------------------
     0 | D:1      | dohliylev the Vampire Assassin began the quest for the Orb.
     0 | D:1      | Reached XP level 1. HP: 16/16 MP: 1/1
    34 | D:1      | Reached skill level 6 in Stealth
   158 | D:1      | Reached XP level 2. HP: 13/22 MP: 2/2
   705 | D:2      | Reached skill level 7 in Stealth
   773 | D:2      | Reached XP level 3. HP: 12/27 MP: 3/3
   940 | D:2      | Found a basalt altar of Yredelemnul.
  1038 | D:2      | Reached XP level 4. HP: 22/33 MP: 4/4
  1293 | D:2      | Found a glowing golden altar of the Shining One.
  1390 | D:2      | Found a runed door.
  1394 | D:2      | Noticed Crazy Yiuf
  1406 | D:2      | Killed Crazy Yiuf
  1406 | D:2      | Reached skill level 8 in Stealth
  1491 | D:3      | Reached XP level 5. HP: 37/38 MP: 5/5
  1729 | D:3      | Found a shimmering altar of Xom.
  1980 | D:3      | Noticed dscm's ghost (weakling OpEE)
  1990 | D:3      | Killed dscm's ghost
  2144 | D:3      | HP: 1/38 [orc/trident (4)]
  2266 | D:3      | Found an ancient bone altar of Kikubaaqudgha.
  2274 | D:3      | Became a worshipper of Kikubaaqudgha
  2451 | D:4      | Found an opulent altar of Gozag.
  2542 | D:4      | Reached XP level 6. HP: 44/44 MP: 6/6
  2984 | D:4      | Reached skill level 9 in Stealth
  3045 | D:4      | Found a white marble altar of Elyvilon.
  3072 | D:4      | Found a burning altar of Makhleb.
  3331 | D:4      | Found Iri Peph's Food Emporium.
  3409 | D:4      | Reached * piety under Kikubaaqudgha
  3409 | D:4      | Identified Kikubaaqudgha's Tome of Dark Magic (Kikubaaqudgha gifted it to you on level 4 of the Dungeon)
  3409 | D:4      | Received a gift from Kikubaaqudgha
  3418 | D:4      | Learned a level 2 spell: Corpse Rot
  3675 | D:5      | Entered Level 5 of the Dungeon
  3757 | D:5      | Reached XP level 7. HP: 51/51 MP: 7/7
  3765 | D:5      | Found a staircase to the Ecumenical Temple.
  3795 | D:5      | Reached skill level 10 in Stealth
  3801 | D:5      | Found a sacrificial altar of Ru.
  3862 | D:5      | Noticed Xelenos's ghost (novice GrFi)
  3871 | D:5      | Learned a level 3 spell: Regeneration
  3984 | D:5      | Mangled by an ogre

Skill      XL: |  1  2  3  4  5  6  7 |
---------------+----------------------+-----
Stealth        | 6 7 8 9 10 | 10.3
Fighting       | 2 |  2.4
Short Blades   | 3 4 |  4.5
Throwing       | 2 |  2.0
Dodging        | 2 3 |  3.7
Spellcasting   | |  0.6
Charms         | |  0.2
Necromancy     | |  0.7
Evocations     | |  0.8

Action                   |  1- 3 |  4- 6 |  7- 9 || total
-------------------------+-------+-------+-------++-------
Melee: Dagger            |    98 |   310 |    29 ||   437
       Bite              |     4 |    41 |     2 ||    47
 Fire: Blowgun           |     9 |       |       ||     9
 Cast: Corpse Rot        |       |     2 |     4 ||     6
 Abil: End Transformatio |     1 |       |       ||     1
       Bat Form          |     1 |       |       ||     1
       Evoke Berserk Rag |       |     3 |       ||     3
  Use: Potion            |     6 |     7 |     3 ||    16
 Stab: Sleeping          |     7 |    14 |     4 ||    25
  Eat: Corpse            |     3 |    11 |       ||    14
Armor: Robe              |    21 |    54 |     9 ||    84
Dodge: Dodged            |    53 |   191 |    15 ||   259
